 Dungeon Crawl Stone Soup version 0.27-a0-1280-g9d2d252d84 (webtiles) character file.

Game seed: 10070951463948838399

418 Glokmah the Chucker (level 7, -1/41 HPs)
             Began as a Kobold Hunter on June 13, 2021.
             Slain by Pikel (3 damage)
             ... on level 4 of the Dungeon.
             The game lasted 00:07:39 (4731 turns).

Glokmah the Chucker (Kobold Hunter)                 Turns: 4731, Time: 00:07:41

Health: -1/41      AC: 11    Str: 11    XL:     7   Next: 16%
Magic:  7/7        EV: 14    Int: 12    God:
Gold:   146        SH:  0    Dex: 16    Spells: 6/6 levels left

rFire    + . .     SeeInvis .   a - +0 short sword
rCold    . . .     Faith    .   (shield restricted)
rNeg     . . .     Spirit   .   p - +2 ring mail {rF+}
rPois    .         Reflect  .   (no helmet)
rElec    .         Harm     .   (no cloak)
rCorr    .         Rampage  .   (no gloves)
Will     .....                  (no boots)
Stlth    +++.......             (no amulet)
HPRegen  0.13/turn              l - +4 ring of protection
MPRegen  0.10/turn              (no ring)

@: no status effects
A: small, no large weapons, nightstalker 3
a: no special abilities


You were on level 4 of the Dungeon.
You visited 1 branch of the dungeon, and saw 4 of its levels.

You collected 146 gold pieces.

Inventory:

Hand Weapons
 a - a +0 short sword (weapon)
 b - a +0 dagger
Missiles
 c - 10 boomerangs
 d - 2 throwing nets
 m - 23 poisoned darts
Armour
 i - a +0 kite shield
 p - a +2 ring mail of fire resistance (worn)
Jewellery
 l - a +4 ring of protection (left hand)
 w - a +4 ring of slaying
Wands
 u - a wand of flame (9) (quivered)
Scrolls
 g - a scroll of teleportation {unknown}
 k - 4 scrolls of identify {unknown}
 q - a scroll of enchant armour {unknown}
 s - a scroll of torment {unknown}
Potions
 e - a potion of haste {unknown}
 f - 2 potions of magic {unknown}
 h - 6 potions of curing {unknown}
 j - 2 potions of lignification {unknown}
 n - a potion of attraction {unknown}
 o - 3 potions of flight {unknown}
 r - a potion of brilliance {unknown}
 t - a potion of resistance {unknown}
 v - a potion of invisibility {unknown}
 x - 2 potions of mutation {unknown}


   Skills:
 + Level 3.4 Fighting
 * Level 4.5 Short Blades
 + Level 5.4 Throwing
 + Level 3.7 Dodging
 * Level 5.2 Stealth


You had 6 spell levels left.
You didn't know any spells.
Your spell library contained the following spells:

 Spells                   Type           Power      Damage    Failure   Level
 Beastly Appendage        Tmut           0%         N/A       63%         1
 Wereblood                Tmut           0%         N/A       77%         2
 Spider Form              Tmut/Pois      0%         N/A       94%         3
 Ice Form                 Ice/Tmut       0%         N/A       100%        4


Dungeon Overview and Level Annotations

Branches:
Dungeon (4/15)
 Temple: D:4-7

Altars:
Kikubaaqudgha

Shops:
D:3 *

Annotations:
D:4 Pikel


Innate Abilities, Weirdness & Mutations

You are small and have problems with some larger weapons.
You are completely attuned to the shadows.


Message History

Pikel zaps a wand.
The puff of flame hits you. You resist.
* * * LOW HITPOINT WARNING * * *
Throw: 24 darts (poison)
Press: ? - help, Q - select action, (/) - cycle Shift-Dir - straight line, f/p - Pikel
Aim: Pikel, wielding a +1 whip of freezing, wearing a +0 robe and carrying a wand of flame (6) (severely wounded, 56% to hit)
You throw a poisoned dart. The poisoned dart hits Pikel.
Pikel is poisoned.
Pikel is severely wounded.
Pikel zaps a wand.
The puff of flame hits you. You resist.
* * * LOW HITPOINT WARNING * * *
Pikel says, "Antaeus said I was his favorite kobold.
Me!"
Okay, then.
Aiming: Throw Flame
Press: ? - help, Q - select action, (/) - cycle Shift-Dir - straight line, f/p - Pikel
Aim: Pikel, wielding a +1 whip of freezing, wearing a +0 robe and carrying a wand of flame (5) (severely wounded, poisoned, 60% to hit)
The puff of flame hits Pikel.
Pikel is severely wounded.
The lemure looks more healthy.
Aiming: Throw Flame
Press: ? - help, Q - select action, (/) - cycle Shift-Dir - straight line, f/p - Pikel
Aim: Pikel, wielding a +1 whip of freezing, wearing a +0 robe and carrying a wand of flame (5) (almost dead, poisoned, 60% to hit)
The puff of flame misses Pikel.
Unknown command.
Aiming: Throw Flame
Press: ? - help, Q - select action, (/) - cycle Shift-Dir - straight line, f/p - Pikel
Aim: Pikel, wielding a +1 whip of freezing, wearing a +0 robe and carrying a wand of flame (5) (almost dead, poisoned, 60% to hit)
The puff of flame misses Pikel.
Pikel barely misses you.
Aiming: Throw Flame
Press: ? - help, Q - select action, (/) - cycle Shift-Dir - straight line, f/p - Pikel
Aim: Pikel, wielding a +1 whip of freezing, wearing a +0 robe and carrying a wand of flame (5) (almost dead, poisoned, 60% to hit)
The puff of flame hits Pikel but does no damage.
Pikel is almost dead.
Pikel zaps a wand.
The puff of flame hits you. You resist.
* * * LOW HITPOINT WARNING * * *
Aiming: Throw Flame
Press: ? - help, Q - select action, (/) - cycle Shift-Dir - straight line, f/p - Pikel
Aim: Pikel, wielding a +1 whip of freezing, wearing a +0 robe and carrying a wand of flame (4) (almost dead, poisoned, 60% to hit)
The puff of flame misses Pikel.
Pikel hits you with a +1 whip of freezing.
You die...

#........##.##
#.........##.
#.....#####.
#########.##.
###........
####.##.
.............
........
###......##.# .#
####.##.
..........#.# .# #
#.##.
######.####.##.#.#
#.##.
#...........#.....
#.##.
#.........###@....
#....
#..........5K.....
####
#........(####.###
...
#.........'K5#...
...
#.....)...##(####
... ############.#
... #.# .. #.# ..
#.# . ..


You could see Pikel (poisoned) and a lemure.

Vanquished Creatures
  Sigmund (D:3)
  A lemure (D:4)
  A vampire bat (D:3)
  An iguana (D:3)
  4 adders
  3 gnolls (D:3)
  4 worms (D:2)
  4 dart slugs
  8 orcs (D:3)
  8 bats
  5 bat skeletons (D:3)
  A bat zombie (D:3)
  3 endoplasms (D:1)
  3 giant cockroaches
  9 goblins
  7 hobgoblins
  4 jackals (D:2)
  6 kobolds
  4 quokkas
  13 ball pythons
  4 frilled lizards
  6 rats
100 creatures vanquished.

Notes
Turn   | Place    | Note
-------+----------+-------------------------------------------
     0 | D:1      | Glokmah the Kobold Hunter began the quest for the Orb.
     0 | D:1      | Reached XP level 1. HP: 12/12 MP: 1/1
   419 | D:1      | Reached XP level 2. HP: 17/17 MP: 2/2
   586 | D:1      | Reached skill level 1 in Short Blades
   723 | D:1      | Reached XP level 3. HP: 19/22 MP: 3/3
  1733 | D:2      | Reached XP level 4. HP: 27/27 MP: 4/4
  1808 | D:2      | Reached skill level 5 in Throwing
  2299 | D:2      | Found a faded altar of an unknown god.
  2607 | D:3      | Reached XP level 5. HP: 31/31 MP: 5/5
  3364 | D:3      | Found Tos Xeru's General Store.
  3384 | D:3      | Reached XP level 6. HP: 29/36 MP: 6/6
  3630 | D:3      | Found an ancient bone altar of Kikubaaqudgha.
  3723 | D:3      | Noticed Sigmund
  3729 | D:3      | Killed Sigmund
  3730 | D:3      | Reached skill level 5 in Stealth
  3730 | D:3      | Reached XP level 7. HP: 41/41 MP: 7/7
  4696 | D:4      | Noticed Pikel
  4730 | D:4      | HP: 1/41 [Pikel/puff of flame (3)]
  4731 | D:4      | Slain by Pikel

Illustrated notes

Levels and vault maps discovered:
D:1:      dpeg_arrival_ternary, layout_loops_corners
D:2:      layout_rooms, ebering_ecumenical_altar_webs, dk_vineyard_3
D:3:      layout_basic, kennysheep_vampire_church, serial_shops,
          nicolae_shop_behind_doors, uniq_sigmund
D:4:      layout_basic, minmay_temple_entry_nine_rooms, serial_bayou_pond_d,
          uniq_pikel

Skill      XL: |  1  2  3  4  5  6 |
---------------+-------------------+-----
Stealth        | 2 3 4 5 |  5.2
Short Blades   | 1 2 3 4 |  4.5
Throwing       | 5 |  5.4
Dodging        | 3 |  3.7
Fighting       | 3 |  3.4

Action                   |  1- 3 |  4- 6 |  7- 9 || total
-------------------------+-------+-------+-------++-------
Melee: Dagger            |    46 |    70 |    11 ||   127
       Short sword       |    44 |   110 |    48 ||   202
Throw: Boomerang         |     4 |       |       ||     4
       Dart              |       |    23 |    10 ||    33
Evoke: Wand              |       |       |     5 ||     5
 Stab: Sleeping          |    18 |    18 |     3 ||    39
Armor: Leather armour    |    19 |    13 |       ||    32
       Ring mail         |       |    60 |    15 ||    75
Dodge: Dodged            |    60 |   127 |    34 ||   221

Table legend: (Time is in decaauts)
 A = Elapsed time spent in this place.
 B = Non-inter-level travel time spent in this place.
 C = Inter-level travel time spent in this place.
 D = Time resting spent in this place.
 E = Time spent auto-exploring this place.
 F = Levels seen in this place.
 G = Mean time per level.
                   A        B        C        D        E       F      G
               +--------+--------+--------+--------+--------+-----+--------+
         Total |   4689 |   4431 |    258 |    272 |   3214 |   4 | 1172.2 |
       Dungeon |   4689 |   4431 |    258 |    272 |   3214 |   4 | 1172.2 |
               +--------+--------+--------+--------+--------+-----+--------+

Top non-repeatable levels by time:
     D:1: 1693 daAuts
     D:3: 1578 daAuts
     D:2: 862 daAuts
     D:4: 554 daAuts
